 Dungeon Crawl Stone Soup version 0.22.1-2-g9c5b331 (webtiles) character file.

67 MalarOregon the Poker (level 4, -1/35 HPs)
             Began as a Merfolk Gladiator on Nov 26, 2018.
             Slain by a gnoll
             ... wielding a +0 spear
              (8 damage)
             ... on level 2 of the Dungeon.
             The game lasted 00:04:16 (1814 turns).

MalarOregon the Poker (Merfolk Gladiator)           Turns: 1814, Time: 00:04:16

Health: -1/35      AC:  3    Str: 14    XL:     4   Next: 18%
Magic:  14/14      EV: 14    Int:  8    God:
Gold:   80         SH:  0    Dex: 15    Spells: 4/4 levels left

rFire    . . .     SeeInvis .   a - +0 trident
rCold    . . .     Gourm    .   (no shield)
rNeg     . . .     Faith    .   b - +0 leather armour
rPois    .         Spirit   .   c - +1 helmet
rElec    .         Reflect  .   (no cloak)
rCorr    .         Harm     .   (no gloves)
MR       .....                  (no boots)
Stlth    +.........             k - amulet of inaccuracy (curse)
HPRegen  0.11/turn              j - ring of magical power
MPRegen  0.14/turn              f - -2 ring of protection (curse)

@: no status effects
A: change form in water, swift swim, stealthy swim
a: no special abilities


You were on level 2 of the Dungeon.
You were not hungry.

You visited 1 branch of the dungeon, and saw 2 of its levels.

You collected 80 gold pieces.

Inventory:

Hand Weapons
 a - a +0 trident (weapon)
Missiles
 d - 4 throwing nets {!f}
 g - 108 stones
 m - 4 steel tomahawks (quivered)
Armour
 b - a +0 leather armour (worn)
 c - a +1 helmet (worn)
Jewellery
 f - a cursed -2 ring of protection (right hand)
   (You found it on level 1 of the Dungeon)
 j - a ring of magical power (left hand)
   (You found it on level 1 of the Dungeon)
 k - a cursed amulet of inaccuracy (around neck)
   (You found it on level 1 of the Dungeon)
 o - an uncursed amulet of faith {unknown}
   (You found it on level 2 of the Dungeon)
 p - an uncursed ring of see invisible {unknown}
   (You took it off a goblin on level 2 of the Dungeon)
Scrolls
 h - a scroll of fog
Potions
 l - 2 potions of flight
 n - 2 potions of curing {unknown}
Comestibles
 e - 5 rations {!d}
 i - a chunk of flesh


   Skills:
 * Level 3.0 Fighting
 * Level 5.0 Polearms
 + Level 2.3 Throwing
 + Level 0.5 Armour
 * Level 4.7 Dodging
 + Level 0.9 Spellcasting


You had 4 spell levels left.
You didn't know any spells.
Your spell library was empty.

Dungeon Overview and Level Annotations

Branches:
Dungeon (2/15)

Altars:
The Shining One


Message History

Your leather armour prevents you from hitting the gnoll.
An adder comes into view.
The bat closely misses you. The bat misses you.
You see here 10 gold pieces.
The bat hits you but does no damage. The bat hits you.
You see here a fuming inky potion.
Attack whom?
Aim: a gnoll You reach to attack!
You hit the gnoll. You barely miss the gnoll. The bat closely misses you.
The gnoll hits you!
You hit the gnoll. The bat hits you but does no damage.
The gnoll barely misses you.
You closely miss the gnoll. The bat hits you but does no damage.
You puncture the bat!
You kill the bat!
Your Fighting skill increases to level 3!
You have reached level 4!
You hit the gnoll. The gnoll closely misses you.
You hit the gnoll. The gnoll closely misses you.
You hit the gnoll but do no damage. The gnoll hits you.
You hit the gnoll. The gnoll hits you. The gnoll barely misses you.
The gnoll closely misses you.
You miss the gnoll. The gnoll barely misses you.
The gnoll hits you with a spear.
* * * LOW HITPOINT WARNING * * *
The gnoll hits you but does no damage.
Found 20 arrows and a ration.
Attack whom?
Aim: a gnoll, wielding a spear The gnoll is in the way.
You hit the gnoll.
You kill the gnoll!
Your Polearms skill increases to level 5!
The gnoll barely misses you.
Attack whom?
Aim: a gnoll, wielding a spear You reach to attack!
You closely miss the gnoll. The gnoll barely misses you.
Attack whom?
Aim: a gnoll, wielding a spear You reach to attack!
You hit the gnoll. The gnoll closely misses you.
Attack whom?
Aim: a gnoll, wielding a spear (moderately wounded)
You reach to attack!
You hit the gnoll.
The gnoll hits you from afar with a spear!
* * * LOW HITPOINT WARNING * * *
There is an escape hatch in the ceiling here.
Really go through this one-way escape hatch?
The gnoll hits you from afar with a spear!
You die...

..#.#####...# #.#
.............# #.# #.#
#..#...###..## #.# #.#
##..#...##..## #.# ...
..........##.. #.# #.#
#.###...##... #># #.#
#..#...##.... #.#
##.#####....### ..._ #.#
#.)@.gS.g.....##.... ###.###
#..#####.......##...
#.....###..##########...##..
######.###(........# ###..##
.......# #.###.###.# ##..##
.....#.###.# #.# #.# ##..#
.###.#.....# #.# #.# ##.# .#
#.###.#.# #.# #.# #.. .# #.#
#.#.# #.###.# ##.


You could see 2 gnolls and an adder.

Vanquished Creatures
  A gnoll (D:2)
  An adder (D:2)
  7 leopard geckos
  10 goblins
  7 hobgoblins
  3 kobolds
  3 bats
  5 frilled lizards
  2 rats
39 creatures vanquished.

Notes
Turn   | Place    | Note
-------+----------+-------------------------------------------
     0 | D:1      | MalarOregon the Merfolk Gladiator began the quest for the
                  | Orb.
     0 | D:1      | Reached XP level 1. HP: 16/16 MP: 1/1
   187 | D:1      | Reached XP level 2. HP: 19/23 MP: 2/2
   697 | D:1      | Reached XP level 3. HP: 26/28 MP: 3/3
  1573 | D:2      | Found a glowing golden altar of the Shining One.
  1781 | D:2      | Reached XP level 4. HP: 26/35 MP: 5/5
  1793 | D:2      | Reached skill level 5 in Polearms
  1814 | D:2      | Slain by a gnoll

Skill      XL: |  1  2  3  4 |
---------------+-------------+-----
Fighting       | 3 |  3.0
Polearms       | 5 |  5.0
Throwing       | |  2.3
Armour         | |  0.5
Dodging        | |  4.7
Spellcasting   | |  0.9

Action                   |  1- 3 |  4- 6 || total
-------------------------+-------+-------++-------
Melee: Trident           |   189 |     9 ||   198
Throw: Stone             |     8 |       ||     8
       Tomahawk          |     9 |       ||     9
  Use: Scroll            |     4 |       ||     4
  Eat: Chunk             |     3 |       ||     3
Armor: Leather armour    |    42 |     1 ||    43
Dodge: Dodged            |   112 |     8 ||   120
